 Dungeon Crawl Stone Soup version 0.21-b1-21-g86478ac (webtiles) character file.

42 zaRGo the Firebug (level 3, -3/19 HPs)
             Began as a Deep Elf Fire Elementalist on Jan 4, 2018.
             Killed from afar by Sigmund (7 damage)
             ... with a magic dart
             ... on level 2 of the Dungeon.
             The game lasted 00:13:08 (2426 turns).

zaRGo the Firebug (Deep Elf Fire Elementalist)      Turns: 2426, Time: 00:13:09

Health: -3/19      AC:  3    Str:  5    XL:     3   Next: 33%
Magic:  1/10       EV: 13    Int: 20    God:
Gold:   33         SH:  0    Dex: 15    Spells: 3/9 levels left

rFire    . . .     SeeInvis .   a - +0 short sword
rCold    . . .     Gourm    .   (no shield)
rNeg     . . .     Faith    .   h - +0 robe
rPois    .         Spirit   .   d - +1 hat
rElec    .         Reflect  .   (no cloak)
rCorr    .         Harm     .   (no gloves)
MR       .....                  (no boots)
Stlth    +.........             (no amulet)
HPRegen  0.06/turn              (no ring)
MPRegen  0.12/turn              (no ring)

@: confused
A: no striking features
a: no special abilities


You were on level 2 of the Dungeon.
You were not hungry.

You visited 1 branch of the dungeon, and saw 2 of its levels.

You collected 33 gold pieces.

Inventory:

Hand Weapons
 a - a +0 short sword (weapon)
Missiles
 g - 40 stones (quivered)
Armour
 d - a +1 hat (worn)
 f - a +0 leather armour
 h - a +0 robe (worn)
Scrolls
 e - a scroll of enchant weapon {unknown}
 i - a scroll of magic mapping {unknown}
 j - a scroll of fog {unknown}
 l - a scroll of identify {unknown}
Potions
 m - a potion of curing {unknown}
Books
 b - a book of Flames

   Spells                             Type                      Level
   a - Flame Tongue                   Conjuration/Fire             1
   b - Throw Flame                    Conjuration/Fire             2
   c - Conjure Flame                  Conjuration/Fire             3
   d - Inner Flame                    Hexes/Fire                   3
   e - Sticky Flame                   Conjuration/Fire             4
   f - Fireball                       Conjuration/Fire             5
Comestibles
 c - 4 rations
 k - 5 chunks of flesh


   Skills:
 - Level 2.4 Dodging
 - Level 2.4 Stealth
 + Level 3.6 Spellcasting
 * Level 2.6 Conjurations
 + Level 3.7 Fire Magic


You had 3 spell levels left.
You knew the following spells:

 Your Spells              Type           Power        Failure   Level  Hunger
a - Flame Tongue          Conj/Fire      ###..        3%          1    None
b - Throw Flame           Conj/Fire      ###...       5%          2    ##.....
c - Conjure Flame         Conj/Fire      ###.....     11%         3    ###....


Dungeon Overview and Level Annotations

Branches:
Dungeon (2/15)

Altars:

Annotations:
D:1 exclusion: downstairs
D:2 Jessica, Sigmund


Message History

The flame tongue hits Sigmund.
Sigmund is heavily wounded.
* * * LOW MAGIC WARNING * * *
Casting: Flame Tongue
Confirm with . or Enter, or press ? or * to list all spells.
Aiming: Flame Tongue
Press: ? - help, Shift-Dir - straight line, f/p - Sigmund
Aim: Sigmund, wielding a scythe and wearing a robe (heavily wounded)
The flame tongue hits Sigmund.
Sigmund is severely wounded.
* * * LOW MAGIC WARNING * * *
Sigmund gestures wildly while chanting.
Sigmund flickers and vanishes!
Deactivating autopickup; reactivate with Ctrl-A.
You are confused.
You bump into the rock wall.
You are more confused.
A magic dart appears from out of thin air!
The magic dart hits you!
You die...

###### #....# #.##.#
##### #########<##.#
..(((## #.........##.#
#.)[########@##########.#
######...{§.÷..)# #.#
...(......######## #.#
...######........# #.# #
########..# #.# #.# #.#
.# #.# . #>#


There were no monsters in sight!

Vanquished Creatures
  A dart slug (D:1)
  2 leopard geckos (D:1)
  5 bats
  2 giant cockroaches (D:1)
  2 goblins
  A hobgoblin (D:1)
  9 jackals (D:1)
  6 kobolds
  A ball python (D:2)
  2 frilled lizards (D:1)
  4 rats
35 creatures vanquished.

Notes
Turn   | Place    | Note
-------+----------+-------------------------------------------
     0 | D:1      | zaRGo the Deep Elf Fire Elementalist began the quest for the Orb.
     0 | D:1      | Reached XP level 1. HP: 10/10 MP: 6/6
   532 | D:1      | Reached XP level 2. HP: 14/15 MP: 4/8
   860 | D:1      | Learned a level 2 spell: Throw Flame
  1466 | D:1      | Reached XP level 3. HP: 11/19 MP: 3/10
  1716 | D:1      | Learned a level 3 spell: Conjure Flame
  1771 | D:2      | Noticed Jessica
  2403 | D:2      | Noticed Sigmund
  2426 | D:2      | Killed from afar by Sigmund

Skill      XL: |  1  2 |
---------------+-------+-----
Conjurations   | 2 |  2.6
Dodging        | |  2.4
Stealth        | |  2.4
Spellcasting   | |  3.6
Fire Magic     | |  3.7

Action                   || total
-------------------------++-------
Melee: Short sword       ||     1
Throw: Stone             ||    47
 Cast: Flame Tongue      ||    67
       Throw Flame       ||     6
       Conjure Flame     ||     3
  Eat: Chunk             ||     5
Armor: Robe              ||    17
Dodge: Dodged            ||    46
